Map: Triton LE

Players

SpeCial

  • Race: Terran Terran
  • League: Master
  • Spawn Location: 11:00

Scarlett - Winner!

  • Race: Zerg Zerg
  • Spawn Location: 5:00

Event: NationWars 2019

VOD

Have the link to the VOD?

Description

Time

  • Played on: Oct. 5, 2019, 4:28 p.m.
  • Length: 7:50

All games in this series

Show
View Real Time Build Order
Export as new Build Order

SpeCial Terran 

Build Orders:  

Get SALT Encoding   

  12  0:00  SCV  
  13  0:12  SCV  
  14  0:18  Supply Depot  
  14  0:24  SCV  
  15  0:40  Barracks  
  15  0:50  Barracks  
  15  0:53  SCV  
  16  1:05  SCV  
  16  1:07  Refinery  
  17  1:17  SCV  
  18  1:27  Marine  
  18  1:30  Orbital Command  
  19  1:39  Marine  
  20  1:41  Supply Depot  
  20  1:45  Marine  
  21  1:56  SCV, Marine  
  23  2:03  Marine  
  24  2:10  Bunker  
  24  2:14  Factory, Marine  
  25  2:21  Marine  
  26  2:23  SCV  
  26  2:27  Bunker  
  27  2:33  Marine  
  27  2:35  SCV  
  29  2:45  Refinery  
  29  2:46  Supply Depot  
  29  2:48  SCV  
  28  3:00  SCV  
  29  3:12  SCV  
  29  3:17  Factory Tech Lab  
  29  3:18  Bunker  
  27  3:25  SCV  
  27  3:26  Command Center  
Show
View Real Time Build Order
Export as new Build Order

Scarlett Zerg - Winner!

Build Orders: Pool First 

Get SALT Encoding   

  12  0:00  Drone  
  13  0:12  Overlord  
  13  0:17  Drone  
  14  0:30  Drone x2  
  16  0:40  Spawning Pool  
  15  0:43  Drone  
  15  0:47  Drone  
  15  0:49  Extractor  
  16  0:56  Drone  
  17  1:07  Drone  
  18  1:17  Hatchery  
  17  1:28  Zergling x4  
  19  1:34  Roach Warren  
  18  1:41  Drone  
  21  1:55  Overlord  
  21  1:57  Queen  
  21  2:15  Roach x2  
  25  2:17  Extractor  
  24  2:23  Roach  
  24  2:29  Roach  
  28  2:33  Drone  
  29  2:44  Ravager  
  29  2:45  Overlord  
  29  2:47  Drone  
  30  2:52  Ravager  
  30  2:53  Drone  
  32  3:01  Drone x2  
  34  3:06  Drone x2  
  36  3:13  Drone x2  
  38  3:22  Drone, Overlord  
  38  3:25  Ravager  
  38  3:26  Ravager  
Tags
 
Add a new tag
Caveats
  • Supply blocks, unpowered buildings, or Contaminate may cause inaccurate times.
  • Supply counts are checked every 10 seconds.